AoeStats
← 93老玩家回归

MegaRandom

510058731Analyzed
4v4 RM · 3d ago on Sep 29, 2026· 48m 44s· 8 players
Game mode
Random Map
Map size
Large (8 player)
Population
200
Speed
Normal
Resources
Standard
Victory
Conquest
Starting age
Dark Age
Ending age
Imperial Age
RankedLock teamsTeams togetherTeam positionsShared explorationLock speedFull tech treeHidden civsTurbo modeCheats
Victory
Defeat
🇨🇳 Spanish · China
1291
+17
🇮🇱 Vikings · Israel
1280
+17
🇵🇭 Varangians · Philippines
1246
+19
🇵🇭 Vietnamese · Philippines
1243
+19
🇨🇳 Italians · China
1417
-23
🇨🇳 Mongols · China
1299
-18
1265
-16
🇨🇳 Bohemians · China
1240
-15
Mike
5:55 Loom
11:12 Feudal Age
13:13 Double-Bit Axe
13:09 Horse Collar
18:19 Scale Barding Armor
19:12 Forging
26:17 Castle Age
27:32 Chain Barding Armor
26:36 Light Cavalry
32:24 Iron Casting
仙逆许木
12:36 Feudal Age
11:54 Loom
16:59 Castle Age
15:40 Double-Bit Axe
15:39 Horse Collar
18:34 Fletching
20:21 Padded Archer Armor
22:27 Leather Archer Armor
25:46 Bow Saw
26:47 Wheelbarrow
29:54 Heavy Plow
30:19 Hand Cart
31:58 Gold Mining
36:16 Imperial Age
34:37 Scale Barding Armor
34:43 Forging
35:09 Husbandry
35:19 Bloodlines
36:13 Chain Barding Armor
37:04 Iron Casting
36:20 Cavalier
37:22 Conscription
38:17 Plate Barding Armor
37:37 Paladin
39:36 Blast Furnace
38:41 Town Watch
40:43 Bodkin Arrow
42:31 Pikeman
43:12 Squires
43:15 Bracer
43:15 Scale Mail Armor
43:19 Halberdier
43:30 Capped Ram
45:37 Chain Mail Armor
47:21 Plate Mail Armor
46:52 Siege Ram
48:05 Stone Mining
bigups
2:13 Loom
13:18 Feudal Age
15:53 Double-Bit Axe
22:01 Castle Age
20:52 Horse Collar
22:11 Elite Skirmisher
23:34 Fletching
24:11 Squires
30:16 Wheelbarrow
31:50 Thumb Ring
31:58 Padded Archer Armor
32:38 Arson
33:23 Pikeman
51:14 Imperial Age
Hawke
7:25 Loom
10:03 Feudal Age
11:34 Double-Bit Axe
13:21 Bloodlines
15:55 Forging
16:38 Wheelbarrow
19:17 Castle Age
17:34 Gold Mining
18:40 Scale Barding Armor
18:22 Horse Collar
20:19 Husbandry
23:04 Iron Casting
24:50 Heavy Plow
27:33 Bow Saw
28:17 Chain Barding Armor
30:42 Hand Cart
31:39 Fletching
31:53 Vendel Legacy
35:30 Imperial Age
35:03 Stone Mining
36:46 Conscription
37:35 Elite Jarl
40:16 Plate Barding Armor
41:30 Blast Furnace
93老玩家回归
11:21 Feudal Age
16:00 Castle Age
20:00 Double-Bit Axe
21:19 Loom
25:09 Fletching
28:03 Crossbowman
34:42 Bodkin Arrow
44:01 Imperial Age
48:44 Bracer
48:44 Padded Archer Armor
860
7:26 Loom
9:51 Feudal Age
10:57 Double-Bit Axe
15:42 Fletching
15:53 Padded Archer Armor
24:18 Castle Age
23:47 Horse Collar
25:16 Thumb Ring
24:32 Crossbowman
25:39 Bodkin Arrow
25:59 Leather Archer Armor
26:34 Ballistics
27:03 Bow Saw
26:58 Squires
26:43 Arson
32:02 Heavy Plow
34:33 Wheelbarrow
33:43 Town Watch
38:21 Imperial Age
39:33 Hand Cart
38:41 Heavy Cavalry Archer
39:47 Parthian Tactics
39:48 Husbandry
39:58 Bloodlines
40:12 Light Cavalry
41:27 Bracer
42:36 Chemistry
48:00 Gold Mining
小花花
11:43 Feudal Age
10:00 Loom
16:48 Castle Age
15:57 Double-Bit Axe
19:26 Bow Saw
21:54 Husbandry
22:06 Scale Barding Armor
31:17 Wheelbarrow
31:49 Chain Barding Armor
31:40 Forging
34:58 Imperial Age
32:34 Elite Skirmisher
33:12 Fletching
33:24 Padded Archer Armor
34:54 Bodkin Arrow
35:14 Leather Archer Armor
36:37 Chemistry
35:57 Ballistics
37:09 Iron Casting
37:06 Ring Archer Armor
37:24 Hand Cart
38:33 Horse Collar
39:56 Two-Man Saw
39:38 Conscription
39:25 Wagenburg Tactics
40:09 Elite Hussite Wagon
41:00 Siege Engineers
40:58 Cavalier
42:14 Bracer
43:15 Blast Furnace
42:28 Scale Mail Armor
送你一个极瘪
7:32 Loom
10:09 Feudal Age
12:46 Scale Barding Armor
13:07 Double-Bit Axe
13:39 Forging
20:14 Castle Age
18:51 Bow Saw
18:25 Horse Collar
20:10 Heavy Plow
20:05 Gold Mining
21:16 Chain Barding Armor
21:03 Husbandry
23:25 Wheelbarrow
22:44 Cavalier
24:02 Iron Casting
25:40 Gold Shaft Mining
34:32 Hand Cart
36:53 Two-Man Saw
39:30 Imperial Age
36:47 Town Watch
37:59 Stone Mining
39:50 Paladin
41:10 Plate Barding Armor
41:36 Blast Furnace
41:04 Conscription
40:54 Burgundian Vineyards
Connection lost

Rejoining the realm…

Still unreachable

The connection could not be restored.

Session expired

The server has moved on; the page needs a fresh start.